 Dungeon Crawl Stone Soup version 0.29.0-4-gdea44cf6ec (webtiles) character file.

Game seed: 11547455347637939523

169 qw the Chopper (level 5, 0/41 HPs)
             Began as a Formicid Cinder Acolyte on Sept 4, 2022.
             Was a High Priest of Ignis.
             Slain by an orc priest
             ... wielding a +0 club
              (2 damage)
             ... on level 3 of the Dungeon.
             The game lasted 00:00:50 (3320 turns).

qw the Chopper (Formicid Cinder Acolyte)            Turns: 3320, Time: 00:00:50

Health: 0/41       AC: 15    Str: 20    XL:     5   Next: 79%
Magic:  6/6        EV:  7    Int: 14    God:    Ignis [*****.]
Gold:   166        SH:  0    Dex:  9    Spells: 6/6 levels left

rFire   + . .      SeeInvis +   Y - -1 hand axe (flame)
rCold   . . .      Faith    .   (no shield)
rNeg    . . .      Spirit   .   i - +0 chain mail
rPois   .          Reflect  .   (helmet unavailable)
rElec   .          Harm     .   (no cloak)
rCorr   .          Rampage  .   (no gloves)
Will    .....                   (no boots)
Stlth   ..........              g - amulet of the acrobat
HPRegen 0.13/turn               (no ring)
MPRegen 0.10/turn               (no ring)

@: fiery-armoured
A: permanent stasis, dig shafts and tunnels, antennae 3, four strong arms
a: Dig, Shaft Self, Renounce Religion, Fiery Armour, Foxfire Swarm, Rising Flame


You were on level 3 of the Dungeon.
You worshipped Ignis.
Ignis was extremely pleased with you.
You visited 1 branch of the dungeon, and saw 3 of its levels.

You collected 166 gold pieces.


Innate Abilities, Weirdness & Mutations

You cannot be hasted, slowed, berserked, paralysed or teleported.
You can dig through walls and to a lower floor.
You have a pair of large antennae on your head. (SInv)
Your four strong arms can wield two-handed weapons with a shield.


   Skills:
 - Level 3.2 Fighting
 + Level 5.3 Axes
 - Level 2.0 Armour
 - Level 1.1 Dodging
 - Level 1.1 Spellcasting
 - Level 3.0 Fire Magic


You had 6 spell levels left.
You didn't know any spells.
Your spell library contained the following spells:

 Spells                   Type           Power      Damage    Failure   Level
 Scorch                   Fire           18%        2d5       77%         2

Inventory:

Hand Weapons
 Y - a -1 hand axe of flaming (weapon)
Armour
 i - a +0 chain mail (worn)
Jewellery
 g - an amulet of the acrobat (around neck)
Scrolls
 b - a scroll of butterflies {unknown}
 d - a scroll of identify
Potions
 a - a potion of berserk rage {unknown}
 c - a potion of flight {unknown}
 e - 2 potions of heal wounds {unknown}
 f - a potion of might {unknown}
 h - a potion of mutation {unknown}
 j - a potion of curing
 k - a potion of lignification {unknown}

Dungeon Overview and Level Annotations

Branches:
Dungeon (3/15)

Altars:


Message History

The orc priest is heavily wounded.
The orc priest hits you with a +0 flail!
The orc priest is burned by your cloak of flames.
The orc priest is heavily wounded.
The orc priest hits you with a +0 dagger.
The orc priest is burned by your cloak of flames.
The orc priest is heavily wounded.
The orc priest hits you but does no damage.
The orc priest is burned by your cloak of flames.
The orc priest is almost dead.
You closely miss the orc priest.
The orc priest is almost dead.
You hit the orc priest. You burn the orc priest.
You hit the orc priest but do no damage.
The orc priest hits you but does no damage. x2
The orc priest is burned by your cloak of flames.
You kill the orc priest!
The orc priest looks encouraged for a moment.
Your Armour skill increases to level 2!
You barely miss the orc priest.
The orc priest is almost dead.
You hit the orc priest but do no damage.
The orc priest calls down the wrath of Beogh upon you.
You struggle to resist.
The orc priest barely misses you.
You slash the orc priest! You burn the orc priest.
You kill the orc priest!
You barely miss the orc priest. The orc priest closely misses you.
You hit the orc priest. You burn the orc priest.
The orc priest is heavily wounded.
The orc priest hits you but does no damage.
You hit the orc priest but do no damage.
The orc priest is heavily wounded.
The orc priest hits you but does no damage.
The orc priest is burned by your cloak of flames.
The orc priest is heavily wounded.
You hit the orc priest but do no damage.
The orc priest is heavily wounded.
The orc priest hits you with a +0 club.
You die...

...............
#.....................#
#.......##...##..#....#.
#.#..........##.........
#.#....###...##..#......
.......#................
#.#....#.#..............
...............)))......
#.#.....%.......@o..#...#
#.###...............#...#
#.# ##.#.#...###........#
..####..................
........................
(...<..#####)####...##.#
.##....# #............#
.##....# #..####..#########
.##...#####................#


You could see an orc priest.

Vanquished Creatures
  2 orc priests (D:3)
  Terence (D:2)
  4 adders
  A worm (D:2)
  4 orcs (D:3)
  4 ball pythons
  2 endoplasms
  3 giant cockroaches (D:1)
  5 goblins
  4 hobgoblins
  3 quokkas
  4 bats
  3 frilled lizards
  A kobold (D:1)
  3 rats
44 creatures vanquished.

Notes
Turn   | Place    | Note
-------+----------+-------------------------------------------
     0 | D:1      | qw the Formicid Cinder Acolyte began the quest for the Orb.
     0 | D:1      | Reached XP level 1. HP: 18/18 MP: 2/2
     0 | D:1      | 0 ||| qw: Version: 0.1-a-103-gd6f5d3a
     0 | D:1      | 0 ||| qw: Game counter: 5371
     0 | D:1      | 0 ||| qw: Always use a shield: true
     0 | D:1      | 0 ||| qw: God list: Okawaru
     0 | D:1      | 0 ||| qw: Allow faded altars: false
     0 | D:1      | 0 ||| qw: Do Orc after D:15 true
     0 | D:1      | 0 ||| qw: Do second Lair branch before Depths: true
     0 | D:1      | 0 ||| qw: Lair rune preference: random
     0 | D:1      | 0 ||| qw: Plans: Normal
     0 | D:1      | 0 ||| PLANNING D:1-11
   203 | D:1      | Reached XP level 2. HP: 15/24 MP: 3/3
   454 | D:1      | Found a faded altar of an unknown god.
   837 | D:1      | Reached skill level 4 in Axes
   837 | D:1      | Reached XP level 3. HP: 23/29 MP: 4/4
  1214 | D:1      | 1214 ||| DROPPING orb of energy.
  1215 | D:1      | 1215 ||| READING scroll labelled PACKAEFING.
  1216 | D:1      | 1216 ||| READING scroll labelled MUPEMM MANUCLA.
  1217 | D:1      | 1217 ||| READING scroll labelled NAGHYPN XAYGO.
  1218 | D:1      | 1218 ||| DRINKING 2 ruby potions.
  1219 | D:1      | 1219 ||| DRINKING 2 red potions.
  1220 | D:1      | 1220 ||| DROPPING potion of brilliance.
  1253 | D:2      | 1253 ||| STAIRDANCE
  1263 | D:1      | Reached skill level 1 in Dodging
  1613 | D:2      | 1613 ||| Stepping ~*~*~tactically~*~*~ (stealth).
  1614 | D:2      | 1614 ||| Stepping ~*~*~tactically~*~*~ (stealth).
  1643 | D:2      | Reached XP level 4. HP: 31/35 MP: 5/5
  2200 | D:2      | Noticed Terence
  2210 | D:2      | 2210 ||| INVOKING Fiery Armour.
  2222 | D:2      | Killed Terence
  2223 | D:2      | Reached skill level 5 in Axes
  2581 | D:2      | Reached XP level 5. HP: 26/41 MP: 6/6
  2786 | D:2      | 2786 ||| UPGRADING to +0 leather armour.
  2796 | D:2      | 2796 ||| DROPPING +0 robe.
  2797 | D:2      | 2797 ||| UPGRADING to +0 chain mail.
  2807 | D:2      | 2807 ||| DROPPING +0 leather armour.
  2808 | D:2      | 2808 ||| UPGRADING to amulet of the acrobat.
  2813 | D:2      | 2813 ||| READING scroll labelled MUKAYF XAELUKH.
  2814 | D:2      | 2814 ||| READING 2 scrolls labelled UCLEGG KIGE.
  2913 | D:3      | 2913 ||| Stepping ~*~*~tactically~*~*~ (stealth).
  3308 | D:3      | 3308 ||| INVOKING Fiery Armour.
  3314 | D:3      | Reached skill level 1 in Armour
  3314 | D:3      | HP: 5/41 [orc priest/+0 flail (7)]
  3314 | D:3      | HP: 1/41 [orc priest/+0 dagger (4)]
  3320 | D:3      | Slain by an orc priest

Levels and vault maps discovered:
D:1:      saegor_arrival_simple_c, layout_basic, basic_ecumenical_altar
D:2:      layout_loops_ring, uniq_terence
D:3:      layout_basic, gammafunk_temple_overflow_pools,
          kennysheep_cluttered_room

Skill      XL: |  1  2  3  4  5 |
---------------+----------------+-----
Axes           | 4 5 |  5.3
Dodging        | 1 |  1.1
Armour         | 2 |  2.0
Fighting       | |  3.2
Spellcasting   | |  1.1
Fire Magic     | |  3.0

Action                   |  1- 3 |  4- 6 || total
-------------------------+-------+-------++-------
Melee: Hand axe          |    85 |    73 ||   158
       Punch             |       |     1 ||     1
Invok: Fiery Armour      |       |     2 ||     2
  Use: Scroll            |     3 |     2 ||     5
       Potion            |     2 |       ||     2
 Stab: Distracted        |     1 |       ||     1
Armor: Robe              |    18 |     8 ||    26
       Chain mail        |       |    10 ||    10
Dodge: Dodged            |    45 |    27 ||    72

Table legend:
 A = Non-vault XP
 B = Vault XP
 C = Vault XP percentage of total XP
 D = Non-vault monster count
 E = Vault monster count
 F = Vault count percentage of total count
                 A         B        C        D         E       F
            +---------+---------+-------+---------+---------+-------
      Total |     206 |      36 |  14.9 |      43 |       1 |   2.3
            +---------+---------+-------+---------+---------+-------
        D:1 |      46 |       0 |   0.0 |      21 |       0 |   0.0
        D:2 |      58 |      36 |  38.3 |      12 |       1 |   7.7
        D:3 |     102 |       0 |   0.0 |      10 |       0 |   0.0
            +---------+---------+-------+---------+---------+-------
